 Dungeon Crawl Stone Soup version 0.25-a0-857-g60a0bcd8b5 (webtiles) character file.

Game seed: 3160262570381385939, levelgen mode: classic

49 Amnesiac the Magician (level 3, -1/16 HPs)
             Began as a Vine Stalker Wizard on Apr 26, 2020.
             Slain by Robin
             ... wielding a +0 short sword
              (7 damage)
             ... on level 2 of the Dungeon.
             The game lasted 00:03:35 (1425 turns).

Amnesiac the Magician (Vine Stalker Wizard)         Turns: 1425, Time: 00:03:36

Health: -1/16      AC:  2    Str:  9    XL:     3   Next: 75%
Magic:  0/9        EV: 12    Int: 19    God:
Gold:   39         SH:  0    Dex: 12    Spells: 4/10 levels left

rFire    . . .     SeeInvis .   (no weapon)
rCold    . . .     Gourm    .   (no shield)
rNeg     . . .     Faith    .   a - +0 robe
rPois    .         Spirit   +   b - +0 hat
rElec    .         Reflect  .   (no cloak)
rCorr    .         Harm     .   (no gloves)
MR       .....     Rnd*Tele +   (no boots)
Stlth    ++........             (no amulet)
HPRegen  0.05/turn              h - ring of teleportation (curse)
MPRegen  0.11/turn              (no ring)

@: no status effects
A: fangs 2, magic shield, antimagic bite, no potion heal 3, rot immunity
a: no special abilities


You were on level 2 of the Dungeon.
You were not hungry.

You visited 1 branch of the dungeon, and saw 2 of its levels.

You collected 39 gold pieces.

Inventory:

Armour
 a - a +0 robe (worn)
 b - a +0 hat (worn)
 e - a +0 buckler
Jewellery
 h - a cursed ring of teleportation (left hand)
Scrolls
 c - a scroll of fear {!r, unknown}
Potions
 g - 2 potions of stabbing {!q, unknown}
 i - 2 potions of mutation {!q, unknown}
Comestibles
 d - 3 rations
 f - 4 chunks of flesh


   Skills:
 - Level 1.5 Dodging
 - Level 2.4 Stealth
 * Level 1.8 Shields
 - Level 4.0 Spellcasting
 - Level 1.0 Conjurations
 - Level 1.0 Summonings
   Level 1.0 Translocations
 + Level 0.8 Air Magic


You had 4 spell levels left.
You knew the following spells:

 Your Spells              Type           Power        Failure   Level  Hunger
a - Magic Dart            Conj           #...         9%          1    None
b - Call Imp              Summ           #.......     14%         2    ##.....
e - Mephitic Cloud        Conj/Pois/Air  #.......     32%         3    ###....

Your spell library contained the following spells:

 Spells                   Type           Power        Failure   Level  Hunger
 Blink                    Tloc           N/A          14%         2    ##.....
 Slow                     Hex            #.......     21%         2    ##.....
 Conjure Flame            Conj/Fire      #.......     32%         3    ###....


Dungeon Overview and Level Annotations

Branches:
Dungeon (2/15)

Altars:

Annotations:
D:2 Robin


Innate Abilities, Weirdness & Mutations

You have extremely sharp teeth.
When hurt, damage is shared between your health and your magic reserves.
Your bite disrupts and absorbs the magic of your enemies.
Potions cannot restore your health.
You are immune to rotting.


Message History

Aiming: Magic Dart (safe; 9% risk of failure)
Press: ? - help, Shift-Dir - straight line, f/p - goblin
Aim: a goblin (moderately wounded, unusually strong)
The magic dart hits the goblin.
You kill the goblin!
Your crimson imp blinks!
Unknown command.
Casting: Magic Dart (safe; 9% risk of failure)
Confirm with . or Enter, or press ? or * to list all spells.
You don't have enough magic to cast that spell.
Unknown command.
Eat one of 5 chunks of flesh? (ye/n/q)
You eat one of the 5 chunks of flesh.
This raw flesh tastes terrible.
Casting: Magic Dart (safe; 9% risk of failure)
Confirm with . or Enter, or press ? or * to list all spells.
Aiming: Magic Dart (safe; 9% risk of failure)
Press: ? - help, Shift-Dir - straight line, f - Robin
Aim: Robin, wielding a +0 short sword, wearing a +0 animal skin and wearing a +0 helmet The magic dart hits Robin.
Robin is moderately wounded.
You closely miss Robin.
Robin is heavily wounded.
Robin misses you.
You hit Robin but do no damage. You bite Robin, but do no damage.
Robin is heavily wounded.
Robin hits you with a +0 short sword.
You closely miss Robin.
Robin is heavily wounded.
Robin hits you with a +0 short sword.
You hit Robin but do no damage.
Robin is heavily wounded.
Robin closely misses you.
You hit Robin but do no damage.
Robin is heavily wounded.
Robin barely misses you.
You hit Robin.
Robin is severely wounded.
Robin hits you but does no damage.
Casting: Magic Dart (safe; 9% risk of failure)
Confirm with . or Enter, or press ? or * to list all spells.
Aiming: Magic Dart (safe; 9% risk of failure)
Press: ? - help, Shift-Dir - straight line, f/p - Robin
Aim: Robin, wielding a +0 short sword, wearing a +0 animal skin and wearing a +0 helmet (severely wounded)
The magic dart hits Robin but does no damage.
Robin is severely wounded.
Robin hits you with a +0 short sword.
You hit Robin but do no damage.
Robin is severely wounded.
Robin hits you with a +0 short sword.
* * * LOW HITPOINT WARNING * * *
Press: ? - help, v - describe, . - travel
Here: Robin, wielding a +0 short sword, wearing a +0 animal skin and wearing a +0 helmet (severely wounded)
The floor.
Unknown command.
Robin says, "A pitiful Vine Stalker like you will never find the ORB!"
Robin barely misses you.
Casting: Magic Dart (safe; 9% risk of failure)
Confirm with . or Enter, or press ? or * to list all spells.
You don't have enough magic to cast that spell.
Casting: Magic Dart (safe; 9% risk of failure)
Confirm with . or Enter, or press ? or * to list all spells.
A beastly little devil appears in a puff of flame.
Robin hits you with a +0 short sword!
You die...

#......## ##
#.รท.####... #
+.......... #
##...####... #
#.......# #
#####...#######
..............#
#########.#####.#
#.....@5..####
#.###.#g.....#
#.#...#.####.#
#)#........#'##
##)###.#.......#
#.g..#.#.......#
####)#.##......#
#g#........##
#.##########


You could see Robin and a friendly crimson imp.

Vanquished Creatures
  A worm (D:2)
  2 leopard geckos
  A ball python (D:1)
  4 giant cockroaches (D:1)
  8 goblins
  3 hobgoblins (D:1)
  3 kobolds (D:1)
  7 bats (D:1)
  3 frilled lizards (D:1)
  5 rats
37 creatures vanquished.

Vanquished Creatures (collateral kills)
  A goblin (D:2)
  A hobgoblin (D:1)
  A kobold (D:1)
  A frilled lizard (D:1)
  A rat (D:2)
5 creatures vanquished.

Grand Total: 42 creatures vanquished

Notes
Turn   | Place    | Note
-------+----------+-------------------------------------------
     0 | D:1      | Amnesiac the Vine Stalker Wizard began the quest for the
                  | Orb.
     0 | D:1      | Reached XP level 1. HP: 9/9 MP: 5/5
   168 | D:1      | Reached XP level 2. HP: 11/13 MP: 5/7
   207 | D:1      | Learned a level 2 spell: Call Imp
   489 | D:1      | Reached skill level 1 in Shields
   732 | D:1      | Reached skill level 4 in Spellcasting
   762 | D:1      | Reached XP level 3. HP: 16/16 MP: 6/9
   767 | D:1      | Learned a level 3 spell: Mephitic Cloud
  1338 | D:2      | Noticed Robin
  1425 | D:2      | Slain by Robin

Levels and vault maps discovered:
D:1:      lemuel_arrival_hallway, layout_loops_ring, kennysheep_nondescript,
          minmay_ruptured
D:2:      layout_basic, lemuel_round_altar, chequers_serial_rivers_micro_d,
          kennysheep_generic_room_15, uniq_robin

Skill      XL: |  1  2 |
---------------+-------+-----
Shields        | 1 |  1.8
Spellcasting   | 4 |  4.0
Dodging        | |  1.5
Stealth        | |  2.4
Conjurations   | |  1.0
Summonings     | |  1.0
Translocations | |  1.0
Air Magic      | |  0.8

Action                   || total
-------------------------++-------
Melee: Unarmed           ||    43
       Bite              ||    11
 Cast: Magic Dart        ||    82
       Call Imp          ||     6
 Stab: Sleeping          ||     2
  Eat: Chunk             ||     2
Armor: Robe              ||    10
Dodge: Dodged            ||    47

Table legend:
 A = Non-vault XP
 B = Vault XP
 C = Vault XP percentage of total XP
 D = Non-vault monster count
 E = Vault monster count
 F = Vault count percentage of total count
                 A         B        C        D         E       F
            +---------+---------+-------+---------+---------+-------
      Total |      48 |      22 |  31.4 |      29 |      13 |  31.0
            +---------+---------+-------+---------+---------+-------
        D:1 |      39 |       9 |  18.8 |      24 |       6 |  20.0
        D:2 |       9 |      13 |  59.1 |       5 |       7 |  58.3
            +---------+---------+-------+---------+---------+-------
